 Dungeon Crawl Stone Soup version 0.20-a0-4-gd166d5d (webtiles) character file.

16 varam the Shield-Bearer (level 2, 18/19 HPs)
             Began as a Gargoyle Fighter on Oct 31, 2016.
             Quit the game on level 1 of the Dungeon.
             The game lasted 00:00:39 (520 turns).

varam the Shield-Bearer (Gargoyle Fighter)           Turns: 520, Time: 00:00:39

Health: 18/19      AC:  9    Str: 19    XL:     2   Next: 58%
Magic:  2/2        EV:  7    Int:  8    God:
Gold:   44         SH:  9    Dex:  9    Spells: 0 memorised, 1 level left

rFire  . . .     SeeInvis .     a - +0 flail
rCold  . . .     Gourm    .     b - +0 scale mail
rNeg   + . .     Faith    .     c - +0 shield
rPois  ∞         Spirit   .     (no helmet)
rElec  +         Reflect  .     (no cloak)
rCorr  .         Harm     .     (no gloves)
MR     .....                    (no boots)
Stlth  ..........               (no amulet)
                                (no ring)
                                (no ring)

@: no status effects
A: negative energy resistance 1, electricity resistance, unbreathing,
petrification resistance, rot immunity, AC +2
a: no special abilities


You were on level 1 of the Dungeon.
You were not hungry.

You visited 1 branch of the dungeon, and saw 1 of its levels.

You collected 44 gold pieces.

Inventory:

Hand Weapons
 a - a +0 flail (weapon)
Armour
 b - a +0 scale mail (worn)
 c - a +0 shield (worn)
Jewellery
 e - an uncursed ring of flight {unknown}
Scrolls
 i - a scroll of teleportation {unknown}
 j - a scroll of identify {unknown}
Potions
 d - 2 potions of might
 h - 2 potions of heal wounds {unknown}
Comestibles
 f - a bread ration
 g - 2 chunks of flesh


   Skills:
 - Level 3.2 Fighting
 + Level 3.1 Maces & Flails
 - Level 3.2 Armour
 - Level 3.2 Shields


You had one spell level left.
You didn't know any spells.

Dungeon Overview and Level Annotations

Branches:
Dungeon (1/15)

Altars:


Innate Abilities, Weirdness & Mutations

You are resistant to torment.
Your stone body is resilient. (AC +2)
You are immune to poison.
You resist negative energy. (rN+)
You are resistant to electric shocks. (rElec)
You can survive without breathing.
You are immune to petrification.
You are immune to rotting.


Message History

The bat barely misses you.
You barely miss the bat. The bat hits you but does no damage.
You block the bat's attack. The bat barely misses you.
You miss the bat. You block the bat's attack. The bat barely misses you.
You block the bat's attack.
Your shield prevents you from hitting the bat.
The bat hits you.
You completely miss the bat. The bat hits you but does no damage.
The bat closely misses you.
You closely miss the bat. The bat hits you but does no damage.
The bat hits you but does no damage. x2
Saving game... please wait.
Welcome back, varam the Gargoyle Fighter.
Press ? for a list of commands and other information.
Welcome back, varam the Gargoyle Fighter.
Press ? for a list of commands and other information.
Welcome back, varam the Gargoyle Fighter.
Press ? for a list of commands and other information.
Are you sure you want to abandon this character and quit the game? (Confirm with "yes".)

#.#..)P♣♣♣♣PP.....#...♣...#......
#.#.#....♣♣♣P.....♣.♣...♣.♣.#####
#.#.#.#....♣♣P....#..♣.♣....#####
#.#.#.#.#P..♣P....#♣.....♣.......
#.#.#.#.##..♣P....###♣.♣.#..#####
#.#.#.#.# #.♣P...>##.....#......#
......#.# .♣.....######.#..###.#
........# #..#...# #.#..#....
#.......# #.##.@b# #♣♣.♣..#.#♣.
#####.#.# #......###♣.♣..♣.#..♣.
#.#.# ####.....♣♣♣...♣♣#.#♣.
#.#.# #........♣P..P.♣♣...♣.
#.#.# #####.###♣.P...P♣###♣.
#.#.# #.# ♣.♣P.P♣♣ ♣. #.#.# #.#
#♣♣♣.♣♣ #. #####.#.# #.# ♣♣♣ ##
.....^#.########.# #


You could see a bat.

Vanquished Creatures
  A dart slug (D:1)
  A bat (D:1)
  2 giant cockroaches (D:1)
  2 goblins (D:1)
  2 hobgoblins (D:1)
  2 frilled lizards (D:1)
  3 kobolds (D:1)
  A rat (D:1)
14 creatures vanquished.

Notes
Turn   | Place    | Note
-------+----------+-------------------------------------------
     0 | D:1      | varam the Gargoyle Fighter began the quest for the Orb.
     0 | D:1      | Reached XP level 1. HP: 14/14 MP: 1/1
   132 | D:1      | Reached XP level 2. HP: 19/19 MP: 2/2
   369 | D:1      | Reached skill level 3 in Maces & Flails
   520 | D:1      | Quit the game

Vault maps used:
D:1:      minmay_arrival_semitransparent, serial_forest,
          infiniplex_forest_straight_2, infiniplex_forest_lined_ring,
          infiniplex_forest_clump_double, infiniplex_forest_clump_medium,
          infiniplex_forest_clump_double, infiniplex_forest_clump_diagonal,
          infiniplex_forest_clump_curved, infiniplex_forest_end_2

Skill      XL: |  1  2 |
---------------+-------+-----
Maces & Flails | 3 |  3.1
Fighting       | |  3.2
Armour         | |  3.2
Shields        | |  3.2

Action                   || total
-------------------------++-------
Melee: Flail             ||    57
Armor: Scale mail        ||    33
Dodge: Dodged            ||    21
Block: Shield            ||    32
